 Dungeon Crawl Stone Soup version 0.27.1 (webtiles) character file.

Game seed: 11703550545849512234

674 ZARRMARR the Insei (level 7, 0/43 HPs)
             Began as an Octopode Transmuter on Aug 30, 2021.
             Slain by an orc warrior (15 damage)
             ... on level 5 of the Dungeon.
             The game lasted 00:32:33 (6750 turns).

ZARRMARR the Insei (Octopode Transmuter)            Turns: 6750, Time: 00:32:33

Health: 0/43       AC:  1    Str:  9    XL:     7   Next: 59%
Magic:  11/12      EV: 14    Int: 17    God:
Gold:   245        SH:  0    Dex: 13    Spells: 11/13 levels left

rFire    + . .     SeeInvis .     - Unarmed
rCold    . . .     Faith    .   (no shield)
rNeg     . . .     Spirit   .   (helmet currently unavailable)
rPois    +         Reflect  .   (no amulet)
rElec    .         Harm     .   s - ring of protection from fire
rCorr    +         Rampage  .   u - ring of poison resistance
Will     .....                  v - ring of resist corrosion
Stlth    +++.......             (no ring)
HPRegen  0.14/turn              (no ring)
MPRegen  0.13/turn              (no ring)
                                (no ring)
                                (no ring)

@: appendages
A: tentacle spike 3, almost no armour, amphibious, 8 rings, camouflage 1,
gelatinous body 1, (nimble swimmer 1), tentacles
a: End Transformation


You were on level 5 of the Dungeon.
One of your tentacles had grown a beastly spike.
You visited 1 branch of the dungeon, and saw 5 of its levels.
You also visited: Sewer.

You collected 245 gold pieces.

Inventory:

Jewellery
 s - a ring of protection from fire (left tentacle)
 u - a ring of poison resistance (right tentacle)
 v - a ring of resist corrosion (on tentacle)
Wands
 r - a wand of polymorph (11)
Scrolls
 c - a scroll of vulnerability
 e - 4 scrolls of teleportation
 h - 2 scrolls of amnesia
 j - a scroll of fear {unknown}
 k - a scroll of blinking {unknown}
 l - a scroll of enchant weapon {unknown}
 m - a scroll of fog {unknown}
 q - a scroll of enchant armour {unknown}
Potions
 b - 5 potions of flight
 d - a potion of haste {unknown}
 f - a potion of degeneration {unknown}
 g - 2 potions of resistance {unknown}
 i - a potion of magic {unknown}
 o - a potion of attraction {unknown}
 p - a potion of lignification {unknown}
 t - a potion of curing


   Skills:
 + Level 1.5 Fighting
 + Level 3.1 Dodging
 + Level 3.2 Stealth
 + Level 5.7 Unarmed Combat
 + Level 3.8 Spellcasting
 + Level 4.0 Transmutations


You had 11 spell levels left.
You knew the following spells:

 Your Spells              Type           Power      Damage    Failure   Level
a - Beastly Appendage     Tmut           34%        N/A       3%          1
b - Foxfire               Conj/Fire      12%        2x1d4     16%         1

Your spell library contained the following spells:

 Spells                   Type           Power      Damage    Failure   Level
 Wereblood                Tmut           17%        N/A       4%          2
 Spider Form              Tmut/Pois      5%         N/A       22%         3
 Sublimation of Blood     Necr           1%         N/A       24%         2
 Conjure Flame            Conj/Fire      3%         6-21      43%         3
 Inner Flame              Hex/Fire       3%         N/A       43%         3
 Ozocubu's Armour         Ice            3%         N/A       43%         3
 Ice Form                 Ice/Tmut       10%        N/A       56%         4
 Metabolic Englaciation   Hex/Ice        1%         N/A       99%         5
 Simulacrum               Ice/Necr       1%         N/A       100%        6
 Summon Hydra             Summ           1%         N/A       100%        7


Dungeon Overview and Level Annotations

Branches:
Dungeon (5/15)              Sewer (visited)
 Temple: D:4-7

Altars:
Okawaru

Shops:
D:5 [


Innate Abilities, Weirdness & Mutations

One of your tentacles has grown a beastly spike.
You cannot wear most types of armour.
You are amphibious.
You can wear up to eight rings at the same time.
Your skin changes colour to match your surroundings (Stealth+).
Your rubbery body absorbs attacks. (AC +1, EV +1)
((You are camouflaged near water. (Stealth+)))
You have tentacles for arms and can constrict up to eight enemies at once.


Message History

Your centaur zombie hits the orc warrior but does no damage.
Your centaur zombie barely misses the orc warrior.
Your scorpion stings the orc warrior but does no damage.
Your water moccasin bites the orc warrior but does no damage.
Your centaur zombie closely misses the orc warrior.
Your centaur zombie kicks the orc warrior but does no damage.
Casting: Beastly Appendage (safe; 3% risk of failure)
Confirm with . or Enter, or press ? or * to list all spells.
One of your tentacles grows a vicious spike.
Your scorpion stings the orc warrior but does no damage.
Your water moccasin completely misses the orc warrior.
The orc warrior hits your scorpion with a +0 hand axe!
The orc warrior closely misses your water moccasin.
The orc warrior hits your centaur zombie with a +0 hand axe.
Your centaur zombie barely misses the orc warrior.
Your centaur zombie kicks the orc warrior but does no damage.
Your scorpion stings the orc warrior.
The orc warrior is poisoned.
Your scorpion poisons the orc warrior!
Your water moccasin bites the orc warrior but does no damage.
Your centaur zombie hits the orc warrior.
Your centaur zombie kicks the orc warrior but does no damage.
The orc warrior hits your scorpion with a +0 hand axe!
Your scorpion dies!
Your scorpion's corpse dissolves into shadows!
The orc warrior misses your water moccasin.
The orc warrior hits your centaur zombie with a +0 hand axe!
Your water moccasin barely misses the orc warrior.
Your centaur zombie hits the orc warrior but does no damage.
Your centaur zombie kicks the orc warrior but does no damage.
You tentacle-slap the orc warrior but do no damage.
You grab the orc warrior.
You pierce the orc warrior, but do no damage.
You squeeze the orc warrior, but do no damage.
The orc warrior is moderately wounded.
You constrict the orc warrior.
Your centaur zombie hits the orc warrior but does no damage.
Your centaur zombie kicks the orc warrior but does no damage.
Your water moccasin barely misses the orc warrior.
The orc warrior hits you with a +0 hand axe!
You die...

.#. .. #.# ##(.#
#).⌠# #.∩.# #SZ⌠# #
#o##.# ####.# ####
#@# .# #... ..# #)#
# ..#######.# #.#
#....#....# #.#
.....#.##.# #(#
###..#.##.# #.#
.......##.## #.#
.##.####...#####.##
.##...............#


You could see an orc warrior (very poisoned, ally target), a friendly water
moccasin (summoned) and a friendly centaur zombie (summoned).

Vanquished Creatures
  A scorpion (D:4)
  A centaur zombie (D:5)
  An orc priest (D:5)
  4 hounds
  2 iguanas (D:4)
  A bullfrog skeleton (D:5)
  A gnoll shaman (D:3)
  An orc wizard (D:5)
  6 gnolls
  9 adders
  2 adder skeletons
  10 worms
  3 dart slugs
  3 orcs
  8 endoplasms
  9 giant cockroaches
  11 goblins
  7 hobgoblins
  14 jackals
  6 quokkas
  7 ball pythons
  9 bats
  9 frilled lizards
  4 kobolds
  12 rats
141 creatures vanquished.

Vanquished Creatures (collateral kills)
  A giant cockroach (Sewer)
1 creature vanquished.

Grand Total: 142 creatures vanquished

Notes
Turn   | Place    | Note
-------+----------+-------------------------------------------
     0 | D:1      | ZARRMARR the Octopode Transmuter began the quest for the
                  | Orb.
     0 | D:1      | Reached XP level 1. HP: 13/13 MP: 3/3
   164 | D:1      | Reached XP level 2. HP: 18/18 MP: 3/5
   792 | D:1      | Reached XP level 3. HP: 20/23 MP: 6/6
  1471 | D:2      | Reached skill level 4 in Unarmed Combat
  1710 | D:2      | Reached XP level 4. HP: 19/28 MP: 7/7
  2181 | D:2      | Learned a level 1 spell: Foxfire
  2200 | D:2      | Reached XP level 5. HP: 25/33 MP: 6/8
  2366 | D:2      | Reached skill level 1 in Stealth
  2918 | D:3      | Found a faded altar of an unknown god.
  3029 | D:3      | Found a glowing drain.
  3101 | Sewer    | Entered a sewer
  3986 | D:3      | Reached XP level 6. HP: 38/38 MP: 8/10
  4526 | D:4      | Reached skill level 5 in Unarmed Combat
  5673 | D:4      | Reached XP level 7. HP: 43/43 MP: 10/12
  6026 | D:4      | Found an iron altar of Okawaru.
  6272 | D:5      | Entered Level 5 of the Dungeon
  6706 | D:5      | Found Deanieg's Armour Shoppe.
  6750 | D:5      | Slain by an orc warrior

Illustrated notes

Levels and vault maps discovered:
D:1:      beargit_arrival_greenhouse, layout_basic, st_stairs_4,
          chequers_arboretum, minmay_misc_feat_hallway
D:2:      layout_basic, chequers_serial_rivers_small_b, st_stairs_9
D:3:      layout_rooms, ebering_ecumenical_altar_box, portal_sewer_entry_e
D:4:      layout_basic, okawaru_metal_pillars_1_2
D:5:      lemuel_castle_with_subvaults [lemuel_castle_interior_carwin_1],
          layout_loops_ring, minmay_temple_entry_overgrown, serial_shops,
          shop_fountains

Skill      XL: |  1  2  3  4  5  6  7 |
---------------+----------------------+-----
Unarmed Combat | 4 5 |  5.7
Stealth        | 2 3 |  3.2
Transmutations | 3 4 |  4.0
Spellcasting   | 3 |  3.8
Dodging        | 3 |  3.1
Fighting       | |  1.5

Action                   |  1- 3 |  4- 6 |  7- 9 || total
-------------------------+-------+-------+-------++-------
Melee: Unarmed           |    64 |   170 |    54 ||   288
       Constrict         |    17 |    53 |    15 ||    85
       Kick              |    13 |    46 |    19 ||    78
       Tentacles         |     9 |    29 |    10 ||    48
       Punch             |     1 |     6 |       ||     7
Throw: Dart              |    52 |    99 |    31 ||   182
 Cast: Beastly Appendage |    20 |    46 |    12 ||    78
  Use: Potion            |     1 |       |       ||     1
       Scroll            |       |     4 |     2 ||     6
 Stab: Sleeping          |     2 |     9 |     2 ||    13
Armor: Skin              |     2 |    10 |     2 ||    14
Dodge: Dodged            |    27 |    99 |    34 ||   160
